 Dungeon Crawl Stone Soup version 0.31.0-11-ge490571c62 (webtiles) character file.

Game seed: 10272859234654068181

76 Minsecho the Ducker (level 4, -4/23 HPs)
             Began as a Spriggan Monk on Jan 29, 2024.
             Killed from afar by Ijyb (9 damage)
             ... with a puff of flame
             ... on level 3 of the Dungeon.
             The game lasted 00:02:34 (2096 turns).

Minsecho the Ducker (Spriggan Monk)                 Turns: 2096, Time: 00:02:34

Health: -4/23      AC:  2    Str:  9    XL:     4   Next: 12%
Magic:  5/5        EV: 19    Int: 17    God:
Gold:   111        SH:  0    Dex: 17    Spells: 3/3 levels left

rFire   . .          .
                       - Unarmed
rCold   . . .        c - orb {light}
rNeg    . . .        a - +0 robe
rPois   .            (helmet restricted)
rElec   .            (no cloak)
rCorr   .            (gloves unavailable)
SInv    +            (boots unavailable)
Will    .....        (no amulet)
Stlth   +            g - +6 ring of intelligence
HPRegen 0.23/turn    (no ring)
MPRegen 0.09/turn

%: no passive effects
@: glowing, very quick
A: very small, no large weapons, unfitting armour, see invisible, speed 3
a: no special abilities


You were on level 3 of the Dungeon.
You visited 1 branch of the dungeon, and saw 3 of its levels.

You collected 111 gold pieces.

Inventory:

Hand Weapons
 j - a +0 dagger of venom
Missiles
 f - 4 poisoned darts (quivered)
Armour
 a - a +0 robe (worn)
 c - an orb of light (worn)
Jewellery
 g - a +6 ring of intelligence (left hand)
Scrolls
 h - 2 scrolls of teleportation {unknown}
 l - a scroll of amnesia {unknown}
 m - a scroll of fog {unknown}
 o - a scroll of immolation {unknown}
Potions
 b - a potion of ambrosia
 d - a potion of haste {unknown}
 e - 2 potions of curing {unknown}
 i - a potion of lignification {unknown}
 k - a potion of magic {unknown}
 n - 2 potions of enlightenment {unknown}


   Skills:
 + Level 2.8 Fighting
 + Level 4.7 Dodging
 * Level 1.2 Stealth
 + Level 3.4 Unarmed Combat


You had 3 spell levels left.
You didn't know any spells.
Your spell library was empty.

Dungeon Overview and Level Annotations

Branches:
Dungeon (3/15)

Altars:

Annotations:
D:3 Ijyb


Innate Abilities, Weirdness & Mutations

You are very small and have problems with some larger weapons.
You are too small for most types of armour.
You have supernaturally acute eyesight. (SInv)
You cover ground extremely quickly. (Speed+++)


Message History

You bump into the rock wall.
You bump into the rock wall.
The goblin closely misses you.
You feel less invigorated.
You feel less confused. The goblin attacks as it pursues you!
The goblin hits you with a +0 club.
You hit the goblin.
The goblin is severely wounded.
A bat comes into view.
You aren't carrying any items that you can evoke.
Okay, then.
You hit the bat.
The bat is severely wounded.
The bat hits you but does no damage.
You hit the bat.
You kill the bat!
You hit Ijyb but do no damage.
Ijyb is moderately wounded.
Ijyb misses you.
You hit Ijyb but do no damage.
Ijyb is moderately wounded.
Ijyb hits you with a +0 club. The goblin barely misses you.
You hit the goblin.
You kill the goblin!
Ijyb barely misses you. Ijyb attacks as she pursues you!
Ijyb barely misses you.
You hit Ijyb but do no damage.
Ijyb is moderately wounded.
Ijyb hits you with a +0 club.
You closely miss Ijyb.
Ijyb is moderately wounded.
Ijyb screams, "Level is mine!
All mine!"
Ijyb zaps a wand.
The puff of flame hits you. Ijyb attacks as she pursues you! Ijyb misses you.
You aren't carrying any items that you can evoke.
Okay, then.
Okay, then.
Ijyb zaps a wand.
The puff of flame hits you!
* * * LOW HITPOINT WARNING * * *
Ijyb zaps a wand.
The puff of flame hits you!
You die...

#..<....#
#.......#
#.......#
#.....###
#.....# #.....#
##########.....#
#.........###..+
#........@# #..#
#.........# ####
#.........######
#.........#....#
#...........####
#.........###
#.........#
########g## #.#
.#


You could see Ijyb.

Vanquished Creatures
  An adder (D:2)
  A ribbon worm (D:2)
  2 dart slugs (D:1)
  3 orcs (D:2)
  4 ball pythons
  4 endoplasms
  A giant cockroach (D:1)
  10 goblins
  4 hobgoblins
  4 jackals (D:1)
  5 kobolds
  2 quokkas (D:1)
  5 bats
  2 frilled lizards
  A rat (D:2)
49 creatures vanquished.

Notes
Turn   | Place    | Note
-------+----------+-------------------------------------------
     0 | D:1      | Minsecho the Spriggan Monk began the quest for the Orb.
     0 | D:1      | Reached XP level 1. HP: 11/11 MP: 2/2
   137 | D:1      | Reached XP level 2. HP: 16/16 MP: 3/3
   632 | D:1      | Reached XP level 3. HP: 19/19 MP: 4/4
  1616 | D:2      | Reached skill level 1 in Stealth
  1882 | D:2      | Reached XP level 4. HP: 23/23 MP: 5/5
  2060 | D:3      | Noticed Ijyb
  2096 | D:3      | Killed from afar by Ijyb

Illustrated notes

Levels and vault maps discovered:
D:1:      amcnicky_arrival_abandoned_market, layout_basic, dk_noncrumbling_2
D:2:      layout_basic, chequers_serial_rivers_micro_e, minmay_misc_feat_doors
D:3:      layout_basic, ebering_ghost_disaster_area, grunt_ministairs_1,
          minmay_goblin_outpost, uniq_robin, uniq_ijyb, uniq_natasha

Skill      XL: |  1  2  3 |
---------------+----------+-----
Unarmed Combat | 3 |  3.4
Stealth        | 1 |  1.2
Fighting       | |  2.8
Dodging        | |  4.7

Action                     |  1- 3 |  4- 6 || total
---------------------------+-------+-------++-------
  Melee: Unarmed           |   224 |    12 ||   236
    Use: Potion            |       |     1 ||     1
 Armour: Robe              |    52 |    12 ||    64
  Dodge: Dodged            |   175 |    13 ||   188
